 Dungeon Crawl Stone Soup version 0.30-a0-956-gcec3b41aec (webtiles) character file.

Game seed: 12027552510894910054

451 senseless the Shooter (level 7, -7/53 HPs)
             Began as a Formicid Hunter on Mar 29, 2023.
             Mangled by an ogre
             ... wielding a +0 giant club
              (25 damage)
             ... on level 3 of the Dungeon.
             The game lasted 00:09:24 (2667 turns).

senseless the Shooter (Formicid Hunter)             Turns: 2667, Time: 00:09:24

Health: -7/53      AC:  5    Str: 16    XL:     7   Next: 25%
Magic:  9/9        EV: 13    Int:  8    God:
Gold:   252        SH:  0    Dex: 19    Spells: 7/8 levels left

rFire   . . .      SeeInvis +    a - +2 shortbow
rCold   . . .      Faith    .    (no shield)
rNeg    . . .      Spirit   .    s - +2 leather armour {rPois}
rPois   +          Reflect  .    (helmet unavailable)
rElec   .          Rampage  .    (no cloak)
rCorr   .                        (no gloves)
Will    .....                    (no boots)
Stlth   +++                      (no amulet)
HPRegen 0.28/turn                (no ring)
MPRegen 0.11/turn                (no ring)

@: no status effects
A: permanent stasis, dig shafts and tunnels, antennae 3, four strong arms
a: Dig, Shaft Self


You were on level 3 of the Dungeon.
You visited 1 branch of the dungeon, and saw 4 of its levels.

You collected 252 gold pieces.

Inventory:

Hand Weapons
 a - a +2 shortbow (weapon)
Armour
 s - a +2 leather armour of poison resistance (worn)
Wands
 r - a wand of paralysis (4)
Scrolls
 b - a scroll of immolation
 e - 2 scrolls of poison
Potions
 d - a potion of heal wounds {unknown}
 f - a potion of mutation {unknown}
 g - a potion of flight {unknown}
 h - 3 potions of curing {unknown}
 i - a potion of brilliance {unknown}
 j - a potion of magic {unknown}
 l - a potion of invisibility {unknown}
 n - a potion of degeneration {unknown}
 p - a potion of lignification {unknown}
 q - a potion of might {unknown}


   Skills:
 * Level 3.9 Fighting
 * Level 5.0 Ranged Weapons
 + Level 1.4 Armour
 * Level 3.2 Dodging
 * Level 4.0 Stealth
 + Level 1.3 Spellcasting
 + Level 1.2 Conjurations
 - Level 1.0 Air Magic


You had 7 spell levels left.
You knew the following spells:

 Your Spells              Type           Power      Damage    Failure   Level
a - Shock                 Conj/Air       8%         1d3       30%         1

Your spell library contained the following spells:

 Spells                   Type           Power      Damage    Failure   Level
 Ensorcelled Hibernation  Hex/Ice        0%         N/A       56%         2
 Vhi's Electric Charge    Tloc/Air       2%         N/A       75%         3
 Spider Form              Tmut/Pois      0%         N/A       80%         3
 Airstrike                Air            1%         2d(1-17)  97%         4
 Anguish                  Hex/Necr       0%         N/A       99%         4
 Arcjolt                  Conj/Air       1%         1d11      100%        5
 Maxwell's Capacitive Co  Air            1%         ∞         100%        8
 Swiftness                Air            Unusable   N/A       N/A         3

Dungeon Overview and Level Annotations

Branches:
Dungeon (4/15)
 Temple: D:4-7

Altars:

Shops:
D:2 (


Innate Abilities, Weirdness & Mutations

You cannot be hasted, slowed, berserked, paralysed or teleported.
You can dig through walls and to a lower floor.
You have a pair of large antennae on your head. (SInv)
Your four strong arms can wield two-handed weapons with a shield.


Message History

You kill the gnoll!
Things that are here:
a +0 club; a gnoll corpse
Things that are here:
a +0 flail; a gnoll corpse You start resting.
Magic restored.
You start resting.
HP restored.
There is an open door here.
You see here a +0 spear.
There is an open door here.
There is an open door here.
There is a stone staircase leading down here.
You climb downwards.
Found a scroll labelled ILOJAJ VUMETA.
Found a stone staircase leading up and a stone staircase leading down.
There is a stone staircase leading up here.
An ogre comes into view. It is wielding a +0 giant club.
You shoot an arrow. The arrow hits the ogre!
The ogre is heavily wounded.
The ogre hits you with a +0 giant club!
You shoot an arrow. The arrow hits the ogre.
The ogre is severely wounded.
You hear a shout!
You shoot an arrow. The arrow hits the ogre.
The ogre is severely wounded.
The ogre barely misses you.
You shoot an arrow. The arrow closely misses the ogre.
The ogre hits you with a +0 giant club! The ogre hits you with a +0 giant club!
There is a stone staircase leading up, spattered with blood here.
You climb upwards.
There is a stone staircase leading down here.
You shoot an arrow. The arrow barely misses the ogre.
The ogre barely misses you.
You shoot an arrow. The arrow hits the ogre.
The ogre is almost dead.
The ogre hits you with a +0 giant club!!
You die...

#.# ##'## #.# #.#
#.###########.#######
#.##........#........
###.##.######....#####.
#......# #.....# #.
#.#.#..######....#####.
#.#.#..##...........##.
#.#..O@.......#.###....
#.....#########.# ####.
####### #.######.
#........ #########


You could see an ogre.

Vanquished Creatures
  Grinder (D:3)
  A scorpion (D:3)
  Ijyb (D:3)
  6 gnolls
  5 adders
  2 dart slugs
  An orc (D:3)
  4 ball pythons
  5 bats
  8 endoplasms
  3 giant cockroaches
  3 goblins
  10 hobgoblins
  2 jackals (D:1)
  A quokka (D:1)
  3 frilled lizards
  4 kobolds
  13 rats
73 creatures vanquished.

Notes
Turn   | Place    | Note
-------+----------+-------------------------------------------
     0 | D:1      | senseless the Formicid Hunter began the quest for the Orb.
     0 | D:1      | Reached XP level 1. HP: 16/16 MP: 1/1
    61 | D:1      | Reached XP level 2. HP: 23/23 MP: 2/2
   241 | D:1      | Reached XP level 3. HP: 28/28 MP: 3/3
   531 | D:2      | Found Tiripnue's Weapon Shoppe.
   597 | D:2      | Learned a level 1 spell: Shock
   601 | D:2      | You fall into a shaft and drop 1 floor!
   634 | D:3      | Reached XP level 4. HP: 34/34 MP: 4/4
   938 | D:2      | Reached XP level 5. HP: 41/41 MP: 5/5
  1535 | D:3      | Noticed Grinder
  1544 | D:3      | Killed Grinder
  1545 | D:3      | Reached skill level 1 in Armour
  1545 | D:3      | Reached skill level 1 in Spellcasting
  1545 | D:3      | Reached skill level 1 in Conjurations
  1545 | D:3      | Reached XP level 6. HP: 29/48 MP: 5/7
  1772 | D:3      | Reached skill level 5 in Ranged Weapons
  1772 | D:3      | Reached XP level 7. HP: 34/53 MP: 8/8
  2075 | D:3      | Noticed Ijyb
  2093 | D:3      | Killed Ijyb
  2094 | D:3      | Reached skill level 1 in Air Magic
  2667 | D:3      | Mangled by an ogre

Illustrated notes

Levels and vault maps discovered:
D:1:      eino_arrival_tree_alley, layout_rooms, chequers_serial_rivers_small_b
D:2:      layout_basic, serial_shops, shop_coins
D:3:      layout_loops_corners, uniq_ijyb, uniq_grinder
D:4:      layout_layer_cave, temple_statues, minmay_fire_ice_demons

Skill      XL: |  1  2  3  4  5  6  7 |
---------------+----------------------+-----
Dodging        | 2 3 |  3.2
Stealth        | 2 3 4 |  4.0
Fighting       | 3 |  3.9
Armour         | 1 |  1.4
Spellcasting   | 1 |  1.3
Conjurations   | 1 |  1.2
Ranged Weapons | 5 |  5.0
Air Magic      | 1 |  1.0

Action                     |  1- 3 |  4- 6 |  7- 9 || total
---------------------------+-------+-------+-------++-------
   Fire: Shortbow          |    65 |    86 |    53 ||   204
   Cast: Shock             |       |       |     1 ||     1
Ability: Dig               |     1 |     2 |       ||     3
    Use: Scroll            |       |     5 |     1 ||     6
 Armour: Leather armour    |     8 |     4 |     5 ||    17
         Scale mail        |       |     2 |     6 ||     8
  Dodge: Dodged            |     8 |    16 |    21 ||    45

Table legend: (Time is in decaauts)
 A = Elapsed time spent in this place.
 B = Non-inter-level travel time spent in this place.
 C = Inter-level travel time spent in this place.
 D = Time resting spent in this place.
 E = Time spent auto-exploring this place.
 F = Levels seen in this place.
 G = Mean time per level.
                   A        B        C        D        E       F      G
               +--------+--------+--------+--------+--------+-----+--------+
         Total |   2738 |   2559 |    179 |    235 |   1839 |   4 |  684.5 |
       Dungeon |   2738 |   2559 |    179 |    235 |   1839 |   4 |  684.5 |
               +--------+--------+--------+--------+--------+-----+--------+

Top non-repeatable levels by time:
     D:3: 1501 daAuts
     D:1: 670 daAuts
     D:2: 551 daAuts
     D:4: 14 daAuts
